 Dungeon Crawl Stone Soup version 0.31.0-9-g3a7656b989 (webtiles) character file.

Game seed: 3552148637303889127

10479 Baz the Grappler (level 11, 0/145 HPs)
             Began as a Yellow Draconian Shapeshifter on Jan 29, 2024.
             Was an Initiate of Hepliaklqana.
             Slain by a basilisk (3 damage)
             ... while petrified by a basilisk
             ... on level 1 of the Lair of Beasts.
             The game lasted 00:19:24 (10148 turns).

Baz the Grappler (Yellow Draconian Shapeshifter)   Turns: 10148, Time: 00:19:25

Health: 0/145      AC: 25    Str: 17    XL:     11   Next: 36%
Magic:  11/11      EV:  2    Int: 11    God:    Hepliaklqana [......]
Gold:   633        SH:  0    Dex: 14    Spells: 10/10 levels left

rFire   . .          .
                       - Unarmed
rCold   + . .        (no shield)
rNeg    + + +        (body armour unavailable)
rPois   ∞            (helmet currently unavailable)
rElec   .            F - melded +2 cloak {Stlth+}
rCorr   .            y - melded +0 pair of gloves
SInv    .            (boots currently unavailable)
Will    .....        (no amulet)
Stlth   +            h - ring of protection from cold
HPRegen 0.44/turn    z - +5 ring of evasion
MPRegen 0.12/turn

%: no passive effects
@: tree-form, petrified
A: stationary, stasis, torment immunity, boosted hp, (spit acid), AC +7,
unfitting armour, (cold-blooded), (acid resistance)
a: Renounce Religion


You were on level 1 of the Lair of Beasts.
You worshipped Hepliaklqana.
Hepliaklqana was noncommittal.
You were a tree.
You visited 3 branches of the dungeon, and saw 12 of its levels.

You collected 633 gold pieces.

Inventory:

Armour
 y - a +0 pair of gloves (melded)
 F - a +2 cloak of stealth (melded)
Jewellery
 d - a ring of protection from fire
 h - a ring of protection from cold (left branch)
 z - a +5 ring of evasion (right branch)
 C - an amulet of faith
Talismans
 b - a beast talisman
 c - a flux talisman (active)
 E - a maw talisman
Wands
 B - a wand of mindburst (7)
 D - a wand of flame (29)
Scrolls
 f - a scroll of fog
 n - 5 scrolls of teleportation {unknown}
 p - a scroll of poison
 s - a scroll of revelation {unknown}
 t - 2 scrolls of vulnerability
 v - 2 scrolls of fear
 w - a scroll of blinking {unknown}
 x - a scroll of immolation {unknown}
 G - a scroll of noise {unknown}
 I - 2 scrolls of enchant weapon {unknown}
Potions
 e - 2 potions of heal wounds
 i - a potion of attraction
 j - a potion of mutation
 l - 4 potions of curing
 m - a potion of degeneration {unknown}
 o - 2 potions of haste {unknown}
 q - 2 potions of ambrosia {unknown}
 r - a potion of magic {unknown}
 u - 2 potions of berserk rage
 A - a potion of invisibility {unknown}


   Skills:
 + Level 9.0 Fighting
 + Level 7.6 Dodging
 * Level 11.9 Unarmed Combat
 + Level 8.0 Shapeshifting


You had 10 spell levels left.
You didn't know any spells.
Your spell library contained the following spells:

 Spells                   Type           Power      Damage    Failure   Level
 Sandblast                Erth           0%         2d4       34%         1
 Static Discharge         Conj/Air       0%         3-3/arc   47%         2
 Sublimation of Blood     Necr           0%         N/A       47%         2
 Inner Flame              Hex/Fire       0%         N/A       71%         3
 Passwall                 Erth           0%         N/A       71%         3
 Stone Arrow              Conj/Erth      0%         3d7       71%         3
 Volatile Blastmotes      Fire/Tloc      0%         2d10      71%         3
 Airstrike                Air            0%         2d(0-16)  98%         4
 Brom's Barrelling Bould  Conj/Erth      0%         2d3       98%         4
 Fulminant Prism          Conj/Alch      0%         3d5       98%         4
 Iskenderun's Mystic Bla  Conj/Tloc      0%         2d3       98%         4
 Petrify                  Alch/Erth      0%         N/A       98%         4
 Summon Lightning Spire   Summ/Air       0%         N/A       98%         4
 Irradiate                Conj/Alch      0%         3d11      100%        5
 Conjure Ball Lightning   Conj/Air       0%         3x3d6     100%        6
 Discord                  Hex            0%         N/A       100%        8
 Disjunction              Tloc           0%         N/A       100%        8
 Ignition                 Fire           0%         3d3       100%        8


Dungeon Overview and Level Annotations

Branches:
Dungeon (10/15)            Temple (1/1) D:5            Lair (1/5) D:9
    Orc: D:9-12

Altars:
Ashenzari
Dithmenos
Elyvilon
Fedhas
Gozag
Hepliaklqana
Kikubaaqudgha
Makhleb
Okawaru
Qazlal
Ru
Sif Muna
Trog
Uskayaw
Vehumet
Wu Jian
Xom
Yredelemnul
Zin
The Shining One

Annotations:
D:7 Jeremiah


Innate Abilities, Weirdness & Mutations

You are a tree.
Your roots penetrate the ground, keeping you stationary.
You cannot be teleported.
You are immune to unholy pain and torment.
Your maximum health is greatly increased.
You are immune to poison.
Your equipment is partially melded.
((You can spit globs of acid.))
((Your golden yellow scales are hard. (AC +7)))
You cannot fit into any form of body armour.
((You are cold-blooded and may be slowed by cold attacks.))
((You are resistant to acid. (rCorr)))


Message History

You resist with some effort.
You miss the basilisk.
The basilisk is lightly wounded.
The yak gores you but does no damage. x3
The basilisk gazes at you.
You are slowing down.
You hit the basilisk.
The basilisk is moderately wounded.
The yak gores you but does no damage. x2; The yak barely misses you.
The basilisk bites you.
Your limbs are stiffening.
Unknown command.
You smack the basilisk!
Your punch misses the basilisk.
The basilisk is severely wounded.
The yak gores you!
* * * LOW HITPOINT WARNING * * *
The yak gores you.
* * * LOW HITPOINT WARNING * * *
The yak gores you!
* * * LOW HITPOINT WARNING * * *
The basilisk gazes at you. You resist with some effort.
You have turned to stone.
The yak barely misses you. The yak gores you.
* * * LOW HITPOINT WARNING * * *
The yak gores you!
* * * LOW HITPOINT WARNING * * *
The basilisk gazes at you.
The yak gores you but does no damage. x2; The yak barely misses you.
The basilisk bites you!
* * * LOW HITPOINT WARNING * * *
The yak gores you.
* * * LOW HITPOINT WARNING * * *
The yak gores you.
* * * LOW HITPOINT WARNING * * *
The yak gores you but does no damage. The basilisk gazes at you.
You resist with some effort. The yak gores you but does no damage.
The yak gores you!
* * * LOW HITPOINT WARNING * * *
The yak gores you but does no damage. The basilisk bites you!
You die...

............. .......
............. .......
.............# .......
.............#######.......
...........................
...........................
...........................
...............YlY.........
###.#...###P#..Y♣##........
#####...#####....###.......
P###P...#.#.#....###.......
...........................
.......................l...
...........................
.#............##.###.......
#....#.#.#...#####
##...######..#


You could see 3 yaks and a basilisk.

Vanquished Creatures
  Erica (Lair:1)
  A two-headed ogre (D:9)
  Amaemon (D:9)
  An ugly thing (D:9)
  Maurice (D:7)
  Joseph (Lair:1)
  A black mamba (Lair:1)
  An orange demon (D:9)
  A troll (D:9)
  Grinder (D:5)
  Prince Ribbit (D:7)
  Sigmund (D:6)
  4 wyverns
  10 yaks
  A basilisk (Lair:1)
  Menkaure (D:5)
  4 water moccasins
  A black bear (D:6)
  An ice beast (D:7)
  2 sky beasts (D:7)
  2 ogres
  3 phantoms (D:5)
  A kobold brigand (D:6)
  6 bullfrogs
  2 scorpions (D:6)
  A necrophage (D:7)
  15 wights
  A water moccasin zombie (D:5)
  A water moccasin skeleton (D:5)
  5 howler monkeys
  An electric eel (D:7)
  A bullfrog zombie (D:5)
  7 hounds
  A centaur zombie (D:5)
  4 jellies
  2 orc priests
  2 bombardier beetles
  4 iguanas
  Natasha (thrice) (D:3)
  8 orc wizards
  A killer bee zombie (D:5)
  2 hound skeletons
  8 adders
  A gnoll (D:4)
  2 shadow imps
  2 white imps
  6 dart slugs
  2 ribbon worms
  14 orcs
  6 bats
  3 endoplasms
  5 giant cockroaches
  6 hobgoblins
  5 jackals
  4 quokkas
  4 ball pythons
  5 frilled lizards
  13 goblins
  7 kobolds
  5 rats
207 creatures vanquished.

Notes
Turn   | Place    | Note
-------+----------+-------------------------------------------
     0 | D:1      | Baz the Draconian Shapeshifter began the quest for the Orb.
     0 | D:1      | Reached XP level 1. HP: 16/16 MP: 1/1
   188 | D:1      | Reached XP level 2. HP: 23/23 MP: 2/2
   866 | D:2      | Reached XP level 3. HP: 18/29 MP: 3/3
  1519 | D:3      | Found a basalt altar of Yredelemnul.
  1560 | D:3      | Noticed Natasha
  1565 | D:3      | Killed Natasha
  1566 | D:3      | Reached skill level 4 in Unarmed Combat
  1566 | D:3      | Reached XP level 4. HP: 33/36 MP: 4/4
  1579 | D:3      | Noticed Natasha
  1585 | D:3      | Killed Natasha
  1589 | D:3      | Noticed Natasha
  1596 | D:3      | Killed Natasha
  1652 | D:3      | Reached XP level 5. HP: 36/42 MP: 5/5
  1948 | D:3      | Found a hide-covered altar of Uskayaw.
  2437 | D:4      | Reached XP level 6. HP: 49/51 MP: 6/6
  2516 | D:4      | Reached skill level 5 in Unarmed Combat
  2802 | D:5      | Entered Level 5 of the Dungeon
  2816 | D:5      | Found a staircase to the Ecumenical Temple.
  2841 | D:5      | Your scales start taking on a golden yellow colour.
  2841 | D:5      | Reached XP level 7. HP: 48/58 MP: 7/7
  2841 | D:5      | Gained mutation: You are resistant to acid. (rCorr) [Yellow
                  | Draconian growth]
  3150 | D:5      | Noticed Menkaure
  3183 | D:5      | Killed Menkaure
  3184 | D:5      | Reached skill level 6 in Unarmed Combat
  3410 | D:5      | Found an ornate altar of the Wu Jian Council.
  3502 | D:5      | Reached XP level 8. HP: 67/67 MP: 8/8
  3598 | D:5      | You fall into a shaft and drop 1 floor!
  3782 | D:6      | Found a shadowy altar of Dithmenos.
  3858 | D:6      | Reached skill level 7 in Unarmed Combat
  3858 | D:6      | Reached skill level 5 in Shapeshifting
  3877 | D:6      | Reached skill level 5 in Fighting
  4014 | D:5      | Noticed Grinder
  4038 | D:5      | Killed Grinder
  4143 | Temple   | Entered the Ecumenical Temple
  4551 | D:5      | Found a broken altar of Ashenzari.
  4799 | D:6      | Found a glowing golden altar of the Shining One.
  4814 | D:6      | Noticed Sigmund
  4823 | D:6      | Killed Sigmund
  4824 | D:6      | Reached skill level 5 in Dodging
  4824 | D:6      | Reached skill level 8 in Unarmed Combat
  5099 | D:6      | Reached XP level 9. HP: 59/75 MP: 9/9
  5652 | D:7      | Noticed Maurice
  5691 | D:7      | Maurice stole a maw talisman
  5702 | D:7      | Maurice stole an amulet of faith
  5706 | D:7      | Killed Maurice
  5765 | D:7      | Noticed Jeremiah
  5823 | D:7      | Reached skill level 9 in Unarmed Combat
  6158 | D:7      | Noticed Prince Ribbit
  6170 | D:7      | Killed Prince Ribbit
  6332 | D:7      | Found a burning altar of Makhleb.
  6439 | D:7      | Found a hazy altar of Hepliaklqana.
  6500 | D:7      | Reached XP level 10. HP: 77/86 MP: 10/10
  6996 | D:8      | Reached skill level 10 in Unarmed Combat
  7109 | D:8      | Noticed a two-headed ogre
  7518 | D:9      | Noticed an orange demon
  7775 | D:9      | Noticed a purple ugly thing
  7775 | D:9      | Noticed Amaemon
  7800 | D:9      | Killed a purple ugly thing
  7825 | D:9      | Noticed a two-headed ogre
  7834 | D:9      | Killed a two-headed ogre
  7915 | D:8      | Found a radiant altar of Vehumet.
  8231 | D:9      | Reached skill level 11 in Unarmed Combat
  8273 | D:9      | Found a staircase to the Lair.
  8399 | D:10     | Entered Level 10 of the Dungeon
  8606 | D:9      | Killed Amaemon
  8607 | D:9      | Reached XP level 11. HP: 81/95 MP: 11/11
  8805 | D:9      | Found an opulent altar of Gozag.
  8839 | D:9      | Found a blossoming altar of Fedhas.
  8839 | D:9      | Found a bloodstained altar of Trog.
  8906 | D:9      | Found an ancient bone altar of Kikubaaqudgha.
  9262 | D:9      | Found a stormy altar of Qazlal.
  9518 | D:7      | Became a worshipper of Hepliaklqana the Forgotten
  9546 | Lair:1   | Entered Level 1 of the Lair of Beasts
  9546 | Lair:1   | Noticed Joseph
  9718 | Lair:1   | Killed Joseph
  9750 | Lair:1   | Noticed Erica
  9769 | Lair:1   | Killed Erica
 10147 | Lair:1   | HP: 7/145 [yak (2)]
 10148 | Lair:1   | HP: 3/145 [yak (5)]
 10148 | Lair:1   | Slain by a basilisk

Illustrated notes

Levels and vault maps discovered:
D:1:      minmay_arrival_semitransparent, layout_loops_ring
D:2:      layout_basic
D:3:      corexii_shack_village, layout_rooms, pf_just_have_faith,
          mainiacjoe_overflow_alcove_1, uniq_natasha
D:4:      minmay_bubble_buster, layout_rooms
D:5:      layout_loops_ring, ashenzari_conservatory_becter,
          mainiacjoe_overflow_paths, minmay_temple_entry_slanted, serial_undead,
          serial_undead_b, serial_undead_f, serial_undead_f, serial_undead_a,
          kennysheep_diamond, serial_library_hellmonk_secret_room,
          uniq_menkaure, uniq_grinder
D:6:      layout_rooms, mainiacjoe_overflow_cross_hatched, tso_oasis_becter,
          serial_co_window_serial, co_window_of_opportunity_a,
          co_window_corner_a, co_window_cross_1, co_window_cross_1,
          co_window_paths_a, co_window_paths_a, co_window_of_opportunity_a,
          co_window_corner_a, co_window_corner_a, co_window_unsneaky_path_d,
          co_window_broadway_c, co_window_2corner, glass_columns_a,
          glass_columns_a, glass_columns_c, uniq_sigmund
D:7:      layout_basic, makhleb_blood_cavern_becter, general_overflow_altar,
          minmay_door_square, nrook_pool_corridor, minmay_misc_feat_hallway,
          uniq_jeremiah, uniq_prince_ribbit1, uniq_maurice
D:8:      layout_loops_ring, vehumet_altar_wand_db
D:9:      layout_loops_ring, mainiacjoe_overflow_chevrons,
          mainiacjoe_overflow_alcove_2, lemuel_tele_altar,
          gammafunk_temple_overflow_wave, lair_entry_dummy, uniq_amaemon
D:10:     layout_basic, mainiacjoe_overflow_six_doors_small, slow_altar_1,
          hellmonk_ghost_happy_afterlife
Temple:   nicolae_temple_superstar
Lair:1:   dragon1_lemuel, layout_small_grid, beast_lair_carwin_5, uniq_joseph,
          uniq_erica

Skill      XL: |  1  2  3  4  5  6  7  8  9 10 11 |
---------------+----------------------------------+-----
Dodging        | 2 3 4 5 6 7 |  7.6
Fighting       | 2 3 4 5 7 8 9 |  9.0
Unarmed Combat | 4 5 6 8 9 11 | 11.9
Shapeshifting  | 4 5 6 7 8 |  8.0

Action                     |  1- 3 |  4- 6 |  7- 9 | 10-12 || total
---------------------------+-------+-------+-------+-------++-------
  Melee: Unarmed           |    86 |   147 |   265 |   267 ||   765
         Tailslap          |     8 |    17 |    60 |    52 ||   137
         Punch             |     1 |     6 |    12 |     6 ||    25
Ability: Breathe Acid      |       |       |     6 |     4 ||    10
         Begin Untransform |       |       |     1 |       ||     1
  Evoke: Wand              |       |       |       |     7 ||     7
    Use: Scroll            |       |       |     3 |     3 ||     6
         Potion            |       |       |       |    11 ||    11
   Stab: Sleeping          |       |     1 |       |     1 ||     2
 Armour: Skin              |    40 |    70 |   135 |   145 ||   390
  Dodge: Dodged            |    44 |    62 |   170 |   202 ||   478
   Form: Beast             |       |       |     2 |       ||     2
         Flux              |       |       |     1 |     1 ||     2
                           |       |       |       |     1 ||     1
